Map: Dusk Towers

Players

SpellSinger - Winner!

  • Race: Protoss Protoss
  • League: Grandmaster

Miszu

  • Race: Terran Terran
  • League: Grandmaster

VOD

Have the link to the VOD?

Description

Time

  • Played on: Feb. 22, 2016, 9:04 a.m.
  • Length: 4:51
Show
View Real Time Build Order
Export as new Build Order

SpellSinger Protoss - Winner!

Build Orders: 1 Gate Expand, Oracle Opening 

Get SALT Encoding   

  12  0:01  Probe (Chrono Boost)  
  13  0:11  Probe (Chrono Boost)  
  14  0:17  Pylon  
  14  0:22  Probe (Chrono Boost)  
  16  0:35  Probe (Chrono Boost)  
  16  0:37  Gateway  
  16  0:46  Probe (Chrono Boost)  
  16  0:47  Assimilator  
  17  0:56  Probe (Chrono Boost)  
  18  1:03  Assimilator  
  18  1:07  Probe (Chrono Boost)  
  19  1:18  Probe (Chrono Boost)  
  20  1:28  Probe (Chrono Boost)  
  21  1:35  Nexus  
  21  1:39  Probe (Chrono Boost)  
  22  1:46  Cybernetics Core  
  22  1:49  Probe (Chrono Boost)  
  22  1:53  Pylon  
  23  2:11  Probe (Chrono Boost)  
  24  2:18  Pylon  
  24  2:22  Probe (Chrono Boost)  
  25  2:23  Adept (Chrono Boost)  
  25  2:24  Warp Gate  
  27  2:32  Probe (Chrono Boost)  
  28  2:37  Stargate  
  28  2:43  Probe (Chrono Boost)  
  29  2:49  Adept  
  31  2:54  Probe (Chrono Boost)  
  31  2:57  Probe (Chrono Boost)  
  33  3:05  Probe (Chrono Boost)  
  34  3:06  Twilight Council  
  34  3:08  Probe (Chrono Boost)  
  35  3:15  Probe (Chrono Boost)  
  35  3:16  Adept  
  35  3:17  Probe (Chrono Boost)  
  39  3:24  Oracle (Chrono Boost)  
  39  3:26  Probe  
  43  3:27  Probe  
  44  3:37  Probe  
  44  3:39  Probe  
  46  3:48  Nexus  
  46  3:51  Probe  
  46  3:52  Probe  
  48  3:57  Oracle (Chrono Boost)  
  48  4:00  Assimilator  
  51  4:03  Pylon, Probe  
  51  4:04  Assimilator  
  51  4:06  Probe  
  53  4:17  Pylon  
  53  4:19  Pylon, Probe (Chrono Boost)  
  53  4:21  Probe (Chrono Boost)  
  55  4:30  Probe (Chrono Boost)  
  56  4:32  Probe (Chrono Boost)  
  57  4:39  Robotics Facility  
Show
View Real Time Build Order
Export as new Build Order

Miszu Terran 

Build Orders: Command Center First (CC) 

Get SALT Encoding   

  12  0:01  SCV  
  13  0:13  SCV  
  14  0:19  Supply Depot  
  14  0:25  SCV  
  15  0:40  SCV  
  16  0:52  SCV  
  17  1:00  Command Center  
  17  1:05  SCV  
  18  1:13  Barracks  
  18  1:17  SCV  
  19  1:29  SCV  
  19  1:31  Barracks  
  20  1:41  SCV  
  20  1:44  Barracks  
  21  1:53  SCV  
  22  2:02  Marine  
  22  2:06  Orbital Command  
  23  2:12  Orbital Command  
  23  2:17  Marine  
  23  2:21  Marine  
  25  2:31  SCV  
  25  2:33  Marine  
  25  2:34  Refinery  
  25  2:35  Refinery, Marine  
  28  2:37  SCV  
  28  2:42  Marine  
  28  2:43  SCV  
  31  2:49  SCV  
  32  2:51  Marine  
  32  2:53  Supply Depot  
  32  2:55  SCV  
  34  2:59  Marine  
  34  3:01  SCV  
  34  3:03  Supply Depot  
  34  3:04  Barracks Tech Lab  
  36  3:07  SCV  
  37  3:13  SCV  
  37  3:14  Marine  
  37  3:19  Marine, SCV  
  41  3:24  Marine  
  41  3:25  SCV  
  43  3:32  Supply Depot, Marine, SCV  
  45  3:37  Marine, SCV  
  47  3:42  Marine  
  47  3:44  SCV  
  47  3:47  Factory  
  49  3:49  SCV  
  49  3:50  Marine  
  49  3:51  Refinery  
  51  3:56  SCV  
  51  3:59  Supply Depot  
  51  4:00  Marauder  
  51  4:02  Marine, SCV  
  56  4:08  SCV  
  57  4:12  Marine  
  57  4:14  SCV  
  59  4:20  SCV  
  59  4:22  Supply Depot  
  60  4:26  Engineering Bay, SCV  
  60  4:29  Marine  
  60  4:31  Factory Reactor  
  62  4:32  Starport  
  62  4:33  SCV  
  62  4:38  SCV  
  67  4:45  Supply Depot  
Tags
 
Add a new tag
Caveats
  • Supply blocks, unpowered buildings, or Contaminate may cause inaccurate times.
  • Supply counts are checked every 10 seconds.